 Dungeon Crawl Stone Soup version 0.19.3-4-gbf9329e (webtiles) character file.

93 volk64 the Shooter (level 4, 0/37 HPs)
             Began as a Draconian Wanderer on Jan 27, 2017.
             Was an Initiate of Qazlal.
             Slain by an orc priest
             ... wielding a +2 hand axe of freezing
              (2 damage)
             ... on level 3 of the Dungeon.
             The game lasted 00:12:35 (1851 turns).

volk64 the Shooter (Draconian Wanderer)             Turns: 1851, Time: 00:12:36

Health: 0/37       AC:  5    Str: 12 (13) XL:     4   Next: 36%
Magic:  14/14      EV: 11    Int: 10 (11) God:    Qazlal [......]
Gold:   91         SH:  0    Dex: 11 (14) Spells: 0 memorised, 5 levels left

rFire  . . .     SeeInvis .     a - +2 dagger
rCold  . . .     Gourm    .     (armour unavailable)
rNeg   . . .     Faith    .     (no shield)
rPois  .         Spirit   .     g - +0 hat
rElec  .         Reflect  .     (no cloak)
rCorr  .         Harm     .     (no gloves)
MR     .....                    (no boots)
Stlth  ++........               (no amulet)
                                (no ring)
                                i - ring of magical power

@: slowed, very slow
A: unfitting armour, cold-blooded, AC +5
a: Renounce Religion


You were on level 3 of the Dungeon.
You worshipped Qazlal.
Qazlal was noncommittal.
You were not hungry.

You visited 1 branch of the dungeon, and saw 3 of its levels.

You collected 91 gold pieces.

Inventory:

Hand Weapons
 a - a +2 dagger (weapon)
 c - a +0 shortbow
Missiles
 d - 11 arrows (quivered)
Armour
 g - a +0 hat (worn)
Jewellery
 i - a ring of magical power (left hand)
Scrolls
 h - 2 scrolls of remove curse
 m - 3 scrolls of identify
 n - a scroll of noise {unknown}
Potions
 b - 2 potions of haste
 e - a potion of curing
 j - a potion of heal wounds
Comestibles
 f - 2 bread rations
 k - a slice of pizza


   Skills:
 + Level 2.9 Fighting
 + Level 1.0 Short Blades
 + Level 4.1 Bows
 + Level 0.1 Dodging
 + Level 1.3 Stealth
   Level 1.0 Shields
 + Level 1.0 Spellcasting
   Level 1.0 Summonings
   Level 1.0 Fire Magic


You had 5 spell levels left.
You didn't know any spells.

Dungeon Overview and Level Annotations

Branches:
Dungeon (3/15)

Altars:
Cheibriados
Qazlal
Vehumet
Yredelemnul


Innate Abilities, Weirdness & Mutations

Your plain brown scales are hard. (AC +5)
You cannot fit into any form of body armour.
You are cold-blooded and may be slowed by cold attacks.


Message History

Things that are here:
an arrow; a giant cockroach corpse You closely miss the orc priest.
You tail-slap the orc priest.
The orc priest is lightly wounded.
The orc priest completely misses you.
You hit the orc priest.
The orc priest is heavily wounded.
The orc priest hits you with a hand axe of freezing.
* * * LOW HITPOINT WARNING * * *
The orc priest freezes you.
* * * LOW HITPOINT WARNING * * *
You hit the orc priest but do no damage.
The orc priest is heavily wounded.
The orc priest looks braver for a moment.
You hit the orc priest but do no damage.
The orc priest is heavily wounded.
The orc priest hits you with a hand axe of freezing.
* * * LOW HITPOINT WARNING * * *
You feel yourself slow down. The orc priest freezes you.
You die...

### .# .$ .# #
#.##.####.#
#.#.>.#...#
##..........
#.........# #########
#...(...###
........######@......)
#######......)#o##.##.
########...####.#.#
...................
.#######...####...##
.# ##..# #...#
.########..# #....
†!.........# #.####
##########.# #.#


You could see an orc priest.

Vanquished Creatures
  4 adders (D:2)
  An ooze (D:1)
  2 dart slugs
  2 orcs (D:3)
  A ball python (D:1)
  5 bats
  2 giant cockroaches
  2 gnoll zombies (D:2)
  2 goblins
  8 hobgoblins
  2 jackals (D:2)
  6 frilled lizards
  3 kobolds
  9 rats
49 creatures vanquished.

Notes
Turn   | Place    | Note
-------+----------+-------------------------------------------
     0 | D:1      | volk64 the Draconian Wanderer began the quest for the Orb.
     0 | D:1      | volk64 set off with: a +2 dagger, a potion of haste, a +0 shortbow, 26 arrows, a potion of curing, a bread ration
     0 | D:1      | Reached XP level 1. HP: 17/17 MP: 2/2
    85 | D:1      | Reached skill level 3 in Bows
   172 | D:1      | Reached XP level 2. HP: 24/24 MP: 3/3
   908 | D:2      | Reached XP level 3. HP: 30/30 MP: 4/4
  1234 | D:2      | Reached XP level 4. HP: 27/37 MP: 5/5
  1317 | D:2      | Found a stormy altar of Qazlal.
  1317 | D:2      | Found a snail-covered altar of Cheibriados.
  1321 | D:2      | Became a worshipper of Qazlal Stormbringer
  1516 | D:2      | Reached skill level 1 in Short Blades
  1523 | D:2      | Found a basalt altar of Yredelemnul.
  1598 | D:2      | Reached skill level 4 in Bows
  1601 | D:2      | Found a radiant altar of Vehumet.
  1851 | D:3      | Slain by an orc priest

Skill      XL: |  1  2  3  4 |
---------------+-------------+-----
Bows           | 3 4 |  4.1
Short Blades   | 1 |  1.0
Fighting       | |  2.9
Dodging        | |  0.1
Stealth        | |  1.3
Shields        | |  1.0
Spellcasting   | |  1.0
Summonings     | |  1.0
Fire Magic     | |  1.0

Action                   |  1- 3 |  4- 6 || total
-------------------------+-------+-------++-------
Melee: Dagger            |    58 |    34 ||    92
       Tailslap          |     3 |     4 ||     7
 Fire: Shortbow          |    57 |    11 ||    68
  Use: Scroll            |     5 |       ||     5
       Potion            |     2 |     1 ||     3
 Stab: Sleeping          |     1 |       ||     1
  Eat: Chunk             |     1 |     2 ||     3
Armor: Skin              |    13 |     8 ||    21
Dodge: Dodged            |    39 |    11 ||    50
